 Dungeon Crawl Stone Soup version 0.20.1-1-g8b1a95d (webtiles) character file.

284 Zeege the Firebug (level 6, -3/45 HPs)
             Began as a Draconian Fire Elementalist on Nov 10, 2017.
             Slain by a goblin
             ... wielding a +0 club
             ... led by Robin
              (5 damage)
             ... on level 3 of the Dungeon.
             The game lasted 00:20:08 (4264 turns).

Zeege the Firebug (Draconian Fire Elementalist)     Turns: 4264, Time: 00:20:09

Health: -3/45      AC:  6    Str: 10    XL:     6   Next: 7%
Magic:  1/11       EV: 12    Int: 17    God:
Gold:   106        SH:  0    Dex: 12    Spells: 7/12 levels left

rFire    + . .     SeeInvis .   e - +0 short sword
rCold    + . .     Gourm    .   (no shield)
rNeg     . . .     Faith    .   (armour unavailable)
rPois    +         Spirit   .   (helmet restricted)
rElec    +         Reflect  .   (no cloak)
rCorr    +         Harm     .   (no gloves)
MR       .....                  (no boots)
Stlth    ++........             (no amulet)
Regen    0.2/turn               (no ring)
MPRegen  0.2/turn               (no ring)

@: resistant, very slightly contaminated
A: unfitting armour, cold-blooded, AC +6
a: no special abilities


You were on level 3 of the Dungeon.
You were not hungry.

You visited 1 branch of the dungeon, and saw 4 of its levels.

You collected 106 gold pieces.

Inventory:

Hand Weapons
 e - a +0 short sword (weapon)
 k - a +1 dagger of holy wrath
Scrolls
 d - 4 scrolls of identify
 i - a scroll of remove curse
 j - 3 scrolls of amnesia
 n - a scroll of noise {unknown}
Potions
 g - a potion of heal wounds {unknown}
 l - a potion of agility {unknown}
 m - a potion of lignification {unknown}
 q - a potion of resistance
 r - a potion of flight {unknown}
Books
 a - a book of Flames

   Spells                             Type                      Level
   a - Flame Tongue                   Conjuration/Fire             1
   b - Throw Flame                    Conjuration/Fire             2
   c - Conjure Flame                  Conjuration/Fire             3
   d - Inner Flame                    Hexes/Fire                   3
   e - Sticky Flame                   Conjuration/Fire             4
   f - Fireball                       Conjuration/Fire             5
Comestibles
 b - 2 bread rations
 c - 3 royal jellies
 p - a meat ration


   Skills:
 + Level 0.2 Short Blades
   Level 0.2 Maces & Flails
 + Level 2.1 Dodging
 - Level 1.8 Stealth
 * Level 3.7 Spellcasting
 + Level 2.5 Conjurations
 * Level 4.9 Fire Magic


You had 7 spell levels left.
You knew the following spells:

 Your Spells              Type           Power        Failure   Level  Hunger
a - Flame Tongue          Conj/Fire      ###..        3%          1    None
b - Sticky Flame          Conj/Fire      ###.....     34%         4    ####...


Dungeon Overview and Level Annotations

Branches:
Dungeon (4/15)
 Temple: D:4-7

Altars:
Dithmenos
Elyvilon
Qazlal
Xom
The Shining One

Annotations:
D:4 Menkaure, Robin


Innate Abilities, Weirdness & Mutations

Your plain brown scales are hard. (AC +6)
You cannot fit into any form of body armour.
You are cold-blooded and may be slowed by cold attacks.


Message History

* * * LOW HITPOINT WARNING * * *
You feel sick. The goblin hits you but does no damage.
The goblin closely misses you.
The hobgoblin hits you but does no damage.
You feel better. The goblin completely misses you.
The goblin barely misses you. The hobgoblin barely misses you.
You feel better. The goblin hits you with a dagger.
* * * LOW HITPOINT WARNING * * *
The goblin barely misses you. The hobgoblin hits you with a club.
* * * LOW HITPOINT WARNING * * *
You hit the hobgoblin but do no damage.
Your tail-slap misses the hobgoblin.
The hobgoblin is moderately wounded.
The goblin hits you but does no damage. The goblin hits you with a club.
* * * LOW HITPOINT WARNING * * *
The hobgoblin hits you but does no damage.
The goblin misses you.
You hit the goblin.
You kill the goblin!
The goblin hits you with a club.
You die...

#.## #.#...##.####...#
#.##### #........# ##<##
......# ####.##### #.#
#.###.# #.# ####.##### #.#
#.# ##'## #........# #.# #.#
##...## #.##.###.# #.###.#
##.....## #.##.# #.# #.#.#.#
##.....).###.##.###.#
......###...[...@.##.#......#
........'......g.g'.........#
#....####.........##.#.[.#..#
#.#.######.......###.##.##..#
........###.....## #........#
#.##.##.# ##...## ###.....##
#....##.# ##'## #.#####
#.##.##.# #.# ### #.#
#.##.##.# #.# ##.###.#


You could see a hobgoblin and a goblin.

Vanquished Creatures
  3 orc priests (D:3)
  2 worker ants (D:3)
  7 adders
  An ooze (D:3)
  A worm (D:3)
  3 dart slugs
  5 leopard geckos
  3 orcs
  2 giant cockroaches (D:1)
  13 goblins
  11 hobgoblins
  2 jackals (D:3)
  2 quokkas (D:3)
  7 bats
  2 frilled lizards
  10 kobolds
  5 rats
79 creatures vanquished.

Notes
Turn   | Place    | Note
-------+----------+-------------------------------------------
     0 | D:1      | Zeege the Draconian Fire Elementalist began the quest for the Orb.
     0 | D:1      | Reached XP level 1. HP: 14/14 MP: 3/3
   508 | D:1      | Reached XP level 2. HP: 20/20 MP: 3/5
  1160 | D:1      | Reached XP level 3. HP: 26/26 MP: 3/6
  1319 | D:2      | Found a shadowy altar of Dithmenos.
  1360 | D:2      | Found a shimmering altar of Xom.
  1364 | D:2      | Found a stormy altar of Qazlal.
  1598 | D:2      | Reached skill level 4 in Fire Magic
  1644 | D:2      | Found a glowing golden altar of the Shining One.
  1905 | D:2      | Found a white marble altar of Elyvilon.
  2093 | D:2      | Reached XP level 4. HP: 33/33 MP: 3/7
  2103 | D:2      | Learned a level 4 spell: Sticky Flame
  2106 | D:2      | Learned a level 2 spell: Throw Flame
  2141 | D:2      | Found a faded altar of an unknown god.
  2840 | D:4      | Noticed an ogre
  3113 | D:3      | Reached XP level 5. HP: 32/38 MP: 0/9
  4226 | D:4      | Noticed Robin
  4240 | D:4      | Reached XP level 6. HP: 20/45 MP: 11/11
  4244 | D:4      | Noticed Menkaure
  4258 | D:3      | HP: 2/45 [worker ant (4)]
  4263 | D:3      | HP: 2/45 [goblin/club[Robin] (4)]
  4264 | D:3      | Slain by a goblin

Skill      XL: |  1  2  3  4  5 |
---------------+----------------+-----
Fire Magic     | 4 |  4.9
Dodging        | 2 |  2.1
Conjurations   | 2 |  2.5
Spellcasting   | 3 |  3.7
Short Blades   | |  0.2
Maces & Flails | |  0.2
Stealth        | |  1.8

Action                   |  1- 3 |  4- 6 || total
-------------------------+-------+-------++-------
Melee: Club              |     4 |       ||     4
       Short sword       |     6 |    37 ||    43
       Tailslap          |     1 |     7 ||     8
 Cast: Flame Tongue      |    69 |    74 ||   143
       Throw Flame       |       |     2 ||     2
       Sticky Flame      |       |     5 ||     5
  Use: Scroll            |     1 |     7 ||     8
       Potion            |       |     5 ||     5
  Eat: Chunk             |     5 |     8 ||    13
Armor: Skin              |     8 |    37 ||    45
Dodge: Dodged            |    16 |    88 ||   104
